 Dungeon Crawl Stone Soup version 0.30.0-15-g856e2d3f33 (webtiles) character file.

Game seed: 10326811735197312941

466 qw the Chopper (level 7, 43/43 HPs)
             Began as a Gargoyle Cinder Acolyte on May 18, 2023.
             Was an Elder of Ignis.
             Quit the game on level 5 of the Dungeon.
             The game lasted 00:02:35 (3893 turns).

qw the Chopper (Gargoyle Cinder Acolyte)            Turns: 3893, Time: 00:02:35

Health: 43/43      AC: 13    Str: 26    XL:     7   Next: 8%
Magic:  8/8        EV: 13    Int: 14    God:    Ignis [****..]
Gold:   267        SH:  3    Dex:  5    Spells: 8/8 levels left

rFire   + . .        Y - -1 hand axe (protect)
rCold   . . .        j - +0 buckler
rNeg    + . .        e - +0 chain mail
rPois   inf          (no helmet)
rElec   +            (no cloak)
rCorr   .            (no gloves)
SInv    .            (no boots)
Will    .....        (no amulet) Stlth
                     k - +6 ring of strength
HPRegen 0.27/turn    a - +5 ring of evasion
MPRegen 0.11/turn

%: no passive effects
@: no status effects
A: sickness immunity, AC +4, negative energy resistance 1, electricity
resistance, torment resistance 1, petrification resistance
a: Renounce Religion, Fiery Armour, Foxfire Swarm, Rising Flame


You were on level 5 of the Dungeon.
You worshipped Ignis.
Ignis was greatly pleased with you.
You visited 1 branch of the dungeon, and saw 5 of its levels.

You collected 267 gold pieces.


Innate Abilities, Weirdness & Mutations

You are immune to sickness and miasma.
Your stone body is resilient. (AC +4)
You are immune to poison.
You resist negative energy. (rN+)
You are resistant to electric shocks. (rElec)
You are resistant to unholy torment.
You are immune to petrification.


   Skills:
 - Level 4.0 Fighting
 - Level 6.1 Axes
 + Level 0.0 Throwing
 - Level 2.0 Armour
 - Level 2.3 Shields
 - Level 1.0 Spellcasting
 - Level 3.0 Fire Magic


You had 8 spell levels left.
You didn't know any spells.
Your spell library contained the following spells:

 Spells                   Type           Power      Damage    Failure   Level
 Scorch                   Fire           18%        2d5       58%         2

Inventory:

Hand Weapons
 l - a +0 flail
 Y - a -1 hand axe of protection (weapon)
Missiles
 m - 3 silver boomerangs (quivered)
Armour
 e - a +0 chain mail (worn)
 j - a +0 buckler (worn)
Jewellery
 a - a +5 ring of evasion (right hand)
 k - a +6 ring of strength (left hand)
Scrolls
 h - a scroll of identify
 i - a scroll of teleportation
Potions
 b - a potion of haste
 c - a potion of berserk rage {unknown}
 d - a potion of might {unknown}
 f - a potion of mutation {unknown}
 g - a potion of flight {unknown}
 n - a potion of heal wounds {unknown}
 p - a potion of cancellation {unknown}

Dungeon Overview and Level Annotations

Branches:
Dungeon (5/15)
 Temple: D:4-7

Altars:
Elyvilon
Wu Jian

Shops:
D:1 [   D:3 :

Annotations:
D:5 Sigmund


Message History

You hit the orc.
Your weapon exudes an aura of protection.
The orc is heavily wounded.
The orc hits you with a +0 club.
You closely miss the orc.
The orc is heavily wounded.
You block the orc's attack.
You hit the orc.
The orc is heavily wounded.
You block the orc's attack.
You hit the orc.
You kill the orc!
You start resting.
HP restored.
m - 3 silver boomerangs You see here a +0 club.
Found 4 stones.
Sigmund the Dreaded comes into view.
He is wielding a +0 scythe of venom.
Sigmund shouts!
Sigmund gestures wildly while chanting.
Sigmund flickers and vanishes!
Deactivating autopickup; reactivate with Ctrl-A.
Lua error: [string "/dgldir/rcfiles/crawl-bot-0.30/qwlua.rc"]:3690: Error in coroutine: [string "/dgldir/rcfiles/crawl-bot-0.30/qwlua.rc"]:3459: attempt to index local 'pos' (a nil value) Level annotation: Sigmund Welcome back, qw the Gargoyle Cinder Acolyte.
The flames of Ignis gently warm you.
Press ? for a list of commands and other information.
Options error: Missing colour in message_colour setting: 'then'
Enter note:
Enter note:
Enter note:
Enter note:
Enter note:
Enter note:
Enter note:
Enter note:
3893 ||| PLANNING D:1-11
Enter note:
Enter note: Are you sure you want to abandon this character and quit the game? (Confirm with "yes".)

...( #...#
###...######
#..........#
#..........#
#..........#
#.........)#####
..#..............#
{......@###......#
#.####..###......####
#............'..#
#...###......##.#
...## #......##.#
#... #......##.# #...
#......##.#### ....
#......##..... #..#
........#######


There were no monsters in sight!

Vanquished Creatures
  2 hounds (D:4)
  3 orc priests
  An orc wizard (D:3)
  14 gnolls
  5 adders
  2 worms (D:3)
  A dart slug (D:2)
  15 orcs
  6 ball pythons
  3 endoplasms
  5 giant cockroaches
  5 goblins
  6 hobgoblins
  4 jackals (D:1)
  3 quokkas
  5 bats
  5 frilled lizards
  12 kobolds
  8 rats
105 creatures vanquished.

Notes
Turn   | Place    | Note
-------+----------+-------------------------------------------
     0 | D:1      | qw the Gargoyle Cinder Acolyte began the quest for the Orb.
     0 | D:1      | Reached XP level 1. HP: 14/14 MP: 2/2
     0 | D:1      | 0 ||| qw: Version: 0.2-a-95-gc95f03d
     0 | D:1      | 0 ||| qw: Game counter: 72
     0 | D:1      | 0 ||| qw: Always use a shield: true
     0 | D:1      | 0 ||| qw: God list: Okawaru
     0 | D:1      | 0 ||| qw: Allow faded altars: false
     0 | D:1      | 0 ||| qw: Do Orc after D:15 true
     0 | D:1      | 0 ||| qw: Do second Lair branch before Depths: true
     0 | D:1      | 0 ||| qw: Lair rune preference: random
     0 | D:1      | 0 ||| qw: Plans: Normal
     0 | D:1      | 0 ||| PLANNING D:1-11
    23 | D:1      | 23 ||| Stepping ~*~*~tactically~*~*~ (stealth).
    46 | D:1      | Reached skill level 3 in Axes
    58 | D:1      | 58 ||| Stepping ~*~*~tactically~*~*~ (stealth).
   133 | D:1      | 133 ||| Stepping ~*~*~tactically~*~*~ (hiding).
   177 | D:1      | 177 ||| Stepping ~*~*~tactically~*~*~ (stealth).
   180 | D:1      | Reached XP level 2. HP: 19/19 MP: 3/3
   221 | D:1      | 221 ||| Stepping ~*~*~tactically~*~*~ (stealth).
   533 | D:1      | Found Qupluh's Armour Shop.
   541 | D:1      | 541 ||| Stepping ~*~*~tactically~*~*~ (stealth).
   660 | D:1      | 660 ||| UPGRADING to +0 chain mail.
   670 | D:1      | 670 ||| DROPPING +0 robe.
   671 | D:1      | 671 ||| READING scroll labelled PIS LANGIUCHOD.
   672 | D:1      | 672 ||| READING scroll labelled VIOFAU YCUINYV.
   673 | D:1      | 673 ||| READING scroll labelled TEDO LOSAFUNE.
   674 | D:1      | 674 ||| READING scroll labelled PYUDWE HEAXZENE.
   678 | D:1      | 678 ||| READING scroll labelled YBLYZ NAINUEH.
   733 | D:2      | Reached XP level 3. HP: 23/23 MP: 4/4
   736 | D:2      | Reached skill level 1 in Armour
   742 | D:2      | 742 ||| Stepping ~*~*~tactically~*~*~ (hiding).
   862 | D:2      | Reached skill level 4 in Axes
   900 | D:2      | Found an ornate altar of the Wu Jian Council.
  1005 | D:2      | 1005 ||| Stepping ~*~*~tactically~*~*~ (stealth).
  1117 | D:2      | Reached XP level 4. HP: 27/28 MP: 5/5
  1300 | D:2      | 1300 ||| Stepping ~*~*~tactically~*~*~ (stealth).
  1309 | D:2      | 1309 ||| Stepping ~*~*~tactically~*~*~ (stealth).
  1592 | D:2      | 1592 ||| UPGRADING to +6 ring of strength.
  1593 | D:2      | 1593 ||| READING scroll labelled ROD YGOTAF.
  1594 | D:2      | 1594 ||| READING scroll labelled UDIEN XIODOO.
  1594 | D:2      | Identified a scroll of acquirement
  1594 | D:2      | 1594 ||| ACQUIRING +5 ring of evasion
  1594 | D:2      | Acquired a +5 ring of evasion
  1596 | D:2      | 1596 ||| UPGRADING to +5 ring of evasion.
  1882 | D:3      | 1882 ||| Stepping ~*~*~tactically~*~*~ (stealth).
  2073 | D:3      | 2073 ||| Stepping ~*~*~tactically~*~*~ (stealth).
  2092 | D:3      | 2092 ||| INVOKING Fiery Armour.
  2096 | D:3      | Reached XP level 5. HP: 32/32 MP: 6/6
  2104 | D:3      | Reached skill level 5 in Axes
  2164 | D:3      | Found Mapsoloc's Vocational Training.
  2628 | D:3      | 2628 ||| READING scroll labelled HIKIGH ASEIRYU.
  2629 | D:3      | 2629 ||| READING scroll labelled PYBIUSASIP.
  2684 | D:3      | 2684 ||| READING scroll labelled RITISONOMM.
  2741 | D:4      | Found an ornate altar of the Wu Jian Council.
  2779 | D:4      | 2779 ||| INVOKING Fiery Armour.
  2798 | D:4      | Reached XP level 6. HP: 12/38 MP: 7/7
  3054 | D:4      | 3054 ||| Stepping ~*~*~tactically~*~*~ (stealth).
  3057 | D:4      | 3057 ||| Stepping ~*~*~tactically~*~*~ (stealth).
  3164 | D:4      | 3164 ||| INVOKING Fiery Armour.
  3309 | D:4      | Found a white marble altar of Elyvilon.
  3535 | D:4      | 3535 ||| UPGRADING to +0 buckler.
  3540 | D:4      | 3540 ||| DROPPING ring of willpower.
  3541 | D:4      | 3541 ||| DRINKING 2 purple potions.
  3542 | D:4      | 3542 ||| DRINKING 2 lumpy dark potions.
  3543 | D:4      | 3543 ||| DROPPING potion of brilliance.
  3583 | D:5      | Entered Level 5 of the Dungeon
  3584 | D:5      | 3584 ||| INVOKING Fiery Armour.
  3596 | D:5      | Reached skill level 1 in Shields
  3601 | D:5      | 3601 ||| Stepping ~*~*~tactically~*~*~ (hiding).
  3756 | D:5      | Reached XP level 7. HP: 43/43 MP: 8/8
  3768 | D:5      | Reached skill level 6 in Axes
  3852 | D:5      | 3852 ||| Stepping ~*~*~tactically~*~*~ (hiding).
  3892 | D:5      | Noticed Sigmund
  3893 | D:5      | 3893 ||| PLANNING D:1-11
  3893 | D:5      | Quit the game

Levels and vault maps discovered:
D:1:      dpeg_arrival_rooms_a, layout_loops_ring, serial_shops,
          nicolae_shop_behind_doors
D:2:      minmay_skewed_foursquare, layout_loops_ring, basic_altar,
          serial_forest, infiniplex_forest_lined_3, infiniplex_forest_end_1,
          infiniplex_forest_end_1, infiniplex_forest_straight_4,
          infiniplex_forest_end_2, infiniplex_forest_clump_small,
          infiniplex_forest_clump_double, infiniplex_forest_straight_2,
          infiniplex_forest_corner_1, infiniplex_forest_clump_small
D:3:      layout_loops_corners, eino_tiny_chamber, nicolae_shop_vocational
D:4:      layout_gridville, mainiacjoe_overflow_big_doors,
          minmay_misc_feat_hallway
D:5:      layout_basic, patterned_corridor, uniq_sigmund

Skill      XL: |  1  2  3  4  5  6  7 |
---------------+----------------------+-----
Axes           | 3 4 5 6 |  6.1
Armour         | 2 |  2.0
Fighting       | 4 |  4.0
Shields        | 2 |  2.3
Spellcasting   | |  1.0
Fire Magic     | |  3.0

Action                     |  1- 3 |  4- 6 |  7- 9 || total
---------------------------+-------+-------+-------++-------
  Melee: Hand axe          |   142 |   162 |    21 ||   325
         Punch             |     2 |     1 |       ||     3
  Throw: Boomerang         |     7 |    61 |       ||    68
 Invoke: Fiery Armour      |       |     4 |       ||     4
    Use: Scroll            |     5 |     5 |       ||    10
         Potion            |       |     2 |       ||     2
 Armour: Robe              |    17 |       |       ||    17
         Chain mail        |    67 |    69 |     5 ||   141
  Dodge: Dodged            |    64 |   120 |     5 ||   189
  Block: Buckler           |       |     4 |     2 ||     6

Table legend:
 A = Non-vault XP
 B = Vault XP
 C = Vault XP percentage of total XP
 D = Non-vault monster count
 E = Vault monster count
 F = Vault count percentage of total count
                 A         B        C        D         E       F
            +---------+---------+-------+---------+---------+-------
      Total |     647 |      20 |   3.0 |     100 |       5 |   4.8
            +---------+---------+-------+---------+---------+-------
        D:1 |      28 |       0 |   0.0 |      20 |       0 |   0.0
        D:2 |      48 |      20 |  29.4 |      21 |       5 |  19.2
        D:3 |     178 |       0 |   0.0 |      22 |       0 |   0.0
        D:4 |     223 |       0 |   0.0 |      22 |       0 |   0.0
        D:5 |     170 |       0 |   0.0 |      15 |       0 |   0.0
            +---------+---------+-------+---------+---------+-------
